 Dungeon Crawl Stone Soup version 0.22-a0-469-gf26638a (webtiles) character file.

1 Amnesiac the Charlatan (level 1, 0/9 HPs)
             Began as a Spriggan Artificer on June 13, 2018.
             Shot with an arrow by a centaur (9 damage)
             ... on level 3 of the Dungeon.
             The game lasted 00:01:39 (365 turns).

Amnesiac the Charlatan (Spriggan Artificer)          Turns: 365, Time: 00:01:39

Health: 0/9        AC:  2    Str:  8    XL:     1   Next: 16%
Magic:  4/4        EV: 18    Int: 12    God:
Gold:   36         SH:  0    Dex: 16    Spells: 0/0 levels left

rFire    . . .     SeeInvis +   a - +0 short sword
rCold    . . .     Gourm    .   (shield restricted)
rNeg     . . .     Faith    .   b - +0 robe
rPois    .         Spirit   .   (helmet restricted)
rElec    .         Reflect  .   (no cloak)
rCorr    .         Harm     .   (gloves unavailable)
MR       .....                  (boots unavailable)
Stlth    ++........             (no amulet)
HPRegen  0.03/turn              (no ring)
MPRegen  0.09/turn              (no ring)

@: very quick
A: very small, unfitting armour, see invisible, herbivore, speed 3, slow
metabolism 2
a: no special abilities


You were on level 3 of the Dungeon.
You were not hungry.

You visited 1 branch of the dungeon, and saw 4 of its levels.

You collected 36 gold pieces.

Inventory:

Hand Weapons
 a - a +0 short sword (weapon)
 m - a +0 blowgun
Missiles
 i - 32 stones (quivered)
 l - 4 poisoned needles
 o - 26 sling bullets
Armour
 b - a +0 robe (worn)
Wands
 c - a wand of flame (13)
 d - a wand of enslavement (15)
 e - a wand of random effects (15)
Scrolls
 h - a scroll of identify {!r, unknown}
 k - a scroll of enchant weapon {!r, unknown}
 n - a scroll of teleportation {!r, unknown}
Potions
 g - a potion of haste {!q, unknown}
 j - a potion of heal wounds {!q, unknown}
Comestibles
 f - 4 rations


   Skills:
 - Level 0.7 Fighting
 - Level 1.1 Short Blades
 - Level 3.0 Dodging
 - Level 1.5 Stealth
 + Level 4.1 Evocations


You couldn't memorise any spells.
You didn't know any spells.
Your spell library was empty.

Dungeon Overview and Level Annotations

Branches:
Dungeon (4/15)
 Temple: D:4-7

Altars:
Wu Jian

Annotations:
D:3 4thArraOfDagon's ghost, weakling HOMo


Innate Abilities, Weirdness & Mutations

You are very small and have problems with some larger weapons.
You are too small for most types of armour.
You have supernaturally acute eyesight. (SInv)
You are a herbivore.
You cover ground extremely quickly.
You need to consume almost no food.


Message History

The gnoll shouts!
You see here 18 gold pieces.
You now have 36 gold pieces (gained 18).
You open the door. 4thArraOfDagon's ghost (weakling Hill Orc Monk) comes into view. 4thArraOfDagon's ghost turns its malevolent gaze towards you.
Found 18 bolts.
There is an open door here.
Press: ? - help, v - describe, . - travel
Here: 4thArraOfDagon's ghost The floor.
A rat comes into view.
A rat comes into view.
The rat misses you.
You open the door.
There is an open door here.
There is a stone staircase leading down here.
You climb downwards.
A frilled lizard, an iguana and a giant cockroach come into view.
Found 26 sling bullets.
Found a stone staircase leading down.
There is a stone staircase leading up here.
Unknown command.
A hound comes into view.
The hound barks!
You hear an angry hiss. x2
An iguana comes into view.
You hear an angry hiss.
A leopard gecko comes into view.
The giant cockroach waves its antennae.
The hound closely misses you.
Found 23 stones.
You see here 26 sling bullets.
o - 26 sling bullets The hound misses you.
The leopard gecko closely misses you.
Found a stone staircase leading down.
Found a stone staircase leading up.
The iguana hisses angrily.
Found a leather armour and an orange potion.
A scorpion comes into view.
Found a scroll labeled VUEVUA KEMIMAMIVA.
You see here 23 stones.
i - 32 stones (gained 23)
The hound completely misses you. The hound closely misses you.
There is a stone staircase leading up here.
The hound closely misses you. x2
You climb upwards.
You hear the sound of rushing water.
There is an entrance to a sewer on this level.
Hurry and find it before the portal rusts away!
Level annotation: 4thArraOfDagon's ghost, weakling HOMo You hear the slow rusting of a very distant drain.
There is a stone staircase leading down here.
The hound pauses to sniff the ground.
You open the large door. The hound misses you. The hound closely misses you.
There is a large open door here.
There is a large open door here.
Found 5 gold pieces.
A hobgoblin comes into view. It is wielding a club.
Found a stone staircase leading up.
A centaur comes into view.
The hobgoblin shouts!
The centaur wields a glowing shortbow.
It is covered in frost.
The centaur shoots an arrow.
The arrow hits you!
Ouch! That really hurt!
You die...

.SgW..###...#.........#######
######g...........##........#
######............ #........#
##...g............##.......$#
.......######...##..........#
....W..# #...+.s.........#
.......# .c.#.h.........#
.....### #.#.....#######
......... #.@.....#
.g........ #<...##.g..#
g......... ##.#. .....#
#####..... # ###....## .#
..... #....# .# ..... #.....
.# .. #...... .## #..... ..#


You could see a centaur, a hound, a giant cockroach and a hobgoblin.

Vanquished Creatures
  A kobold (D:3)
1 creature vanquished.

Notes
Turn   | Place    | Note
-------+----------+-------------------------------------------
     0 | D:1      | Amnesiac the Spriggan Artificer began the quest for the Orb.
     0 | D:1      | Reached XP level 1. HP: 9/9 MP: 4/4
   151 | D:2      | Found an ornate altar of the Wu Jian Council.
   299 | D:3      | Noticed 4thArraOfDagon's ghost (weakling HOMo)
   323 | D:4      | Noticed an iguana
   325 | D:4      | Noticed a hound
   325 | D:4      | Noticed an iguana
   336 | D:4      | Noticed a scorpion
   364 | D:3      | Noticed a centaur
   365 | D:3      | Shot with an arrow by a centaur

Vault maps used:
D:1:      dpeg_arrival_yet_another_circle
D:2:      lemuel_doored_altar, uniq_sigmund
D:3:      portal_sewer_entry_d
D:4:      temple_green

Action                   || total
-------------------------++-------
Evoke: Wand              ||     2
Dodge: Dodged            ||    18

Table legend:
 A = Spawn XP
 B = Non-spawn XP
 C = Spawn XP percentage of total XP
 D = Spawn monster count
 E = Non-spawn monster count
 F = Spawn count percentage of total count
 G = Total turns spent on level
                    A         B        C        D         E        F      G
               +---------+---------+-------+---------+---------+-------+---------
         Total |       0 |       2 |   0.0 |       0 |       1 |   0.0 |   365
               +---------+---------+-------+---------+---------+-------+---------
           D:3 |       0 |       2 |   0.0 |       0 |       1 |   0.0 |   154
               +---------+---------+-------+---------+---------+-------+---------
